 Dungeon Crawl Stone Soup version 0.20.1-1-g8b1a95d (console) character file.

375 hilaritas the Scratcher (level 6, -1/28 HPs)
             Began as a Felid Berserker on Oct 8, 2017.
             Was a Priest of Trog.
             Slain by a phantom (9 damage)
             ... on level 4 of the Dungeon.
             The game lasted 00:07:30 (3933 turns).

hilaritas the Scratcher (Felid Berserker)           Turns: 3933, Time: 00:07:31

Health: -1/28      AC:  2    Str: 15    XL:     6   Next: 44%
Magic:  7/7        EV: 19    Int:  8    God:    Trog [***...]
Gold:   201        SH:  0    Dex: 16    Spells: 5/5 levels left
                                        Lives:  0   Deaths: 1

rFire    . . .     SeeInvis +     - Unarmed
rCold    . . .     Gourm    .   (shield unavailable)
rNeg     . . .     Faith    .   (armour unavailable)
rPois    +         Spirit   .   (helmet unavailable)
rElec    .         Reflect  .   (cloak unavailable)
rCorr    .         Harm     .   (gloves unavailable)
MR       ++...                  (boots unavailable)
Stlth    ++++......             (no amulet)
Regen    1.1/turn               e - ring of poison resistance
MPRegen  0.1/turn               (no ring)

@: berserk cooldown, regenerating, slowed, slow
A: no armour, no weapons or thrown items, stealth, claws 1, fangs 3, see
invisible, carnivore 3, speed 1, shaggy fur 2, slow metabolism 1, sharp paws
a: Berserk, Trog's Hand, Burn Spellbooks, Renounce Religion


You were on level 4 of the Dungeon.
You worshipped Trog.
Trog was most pleased with you.
You were very full.

You visited 1 branch of the dungeon, and saw 4 of its levels.

You collected 291 gold pieces.
You spent 90 gold pieces at shops.

Inventory:

Jewellery
 e - a ring of poison resistance (left paw)
 o - an uncursed amulet of magic regeneration
Scrolls
 d - 4 scrolls of identify
 f - 2 scrolls of remove curse
Potions
 c - 2 potions of heal wounds
 g - a potion of magic {unknown}
 h - a potion of agility {unknown}
 i - a potion of ambrosia {unknown}
 j - a potion of mutation {unknown}
 k - a potion of degeneration {unknown}
 n - 2 potions of curing
 p - a potion of might {unknown}
 q - 2 potions of lignification {unknown}
Comestibles
 a - a meat ration
 b - 2 royal jellies
 l - a chunk of flesh


   Skills:
 - Level 3.0 Fighting
 - Level 4.0 Dodging
 + Level 5.8 Stealth
 * Level 6.3 Unarmed Combat


You had 5 spell levels left.
You didn't know any spells.

Dungeon Overview and Level Annotations

Branches:
Dungeon (4/15)
 Temple: D:4-7

Altars:
Dithmenos
Fedhas
Trog
Zin


Innate Abilities, Weirdness & Mutations

You cannot wear armour.
You are incapable of wielding weapons or throwing items.
Your paws allow you to move quietly. (Stealth)
You have sharp claws.
You have razor-sharp teeth.
You have supernaturally acute eyesight. (SInv)
You are carnivorous and can eat meat at any time.
You cover ground quickly.
You are covered in thick fur. (AC +2)
You have a slow metabolism.
Your sharp claws are effective at attacking unaware monsters.


Message History

You scratch the phantom.
The phantom is lightly damaged.
Your skin stops crawling.
You feel less resistant to hostile enchantments.
The phantom hits you! The phantom barely misses you.
You claw the phantom! You bite the phantom.
The phantom is heavily damaged.
The phantom blinks!
The phantom closely misses you.
You scratch the phantom.
The phantom is heavily damaged.
The phantom blinks!
You scratch the phantom.
The phantom is severely damaged.
The phantom hits you!
* * * LOW HITPOINT WARNING * * *
Your skin crawls.
You feel resistant to hostile enchantments.
You feel somewhat less full. The phantom hits you!
You die...

# .. ..# #.#...##
#.#....# #(# #####.#....
.. #..##........#. ..#
#....(W....... #....
##....@..# . ##.....
##........# #..#......##
..........# ............
..##......#..#..#.......
. #...>.....##..#...####
#...%...####....#..### .
#.......# #....#..#.. .
##......####..#.......
.####......##....#.......
..##.####.##.#.[.....?..
#.#).# #.##.#..#.....).


You could see a phantom.

Vanquished Creatures
  A scorpion (D:4)
  Crazy Yiuf (D:2)
  3 orc priests
  A hound (D:4)
  Terence (D:2)
  An iguana (D:2)
  2 orc wizards (D:3)
  4 adders
  5 worms
  4 dart slugs
  2 leopard geckos
  5 orcs
  3 giant cockroaches
  6 hobgoblins
  9 kobolds
  2 quokkas
  2 ball pythons
  8 bats
  5 frilled lizards
  12 goblins
  A leopard gecko skeleton (D:4)
  9 rats
87 creatures vanquished.

Notes
Turn   | Place    | Note
-------+----------+-------------------------------------------
     0 | D:1      | hilaritas the Felid Berserker began the quest for the Orb.
     0 | D:1      | Reached XP level 1. HP: 10/10 MP: 2/2
   196 | D:1      | Reached skill level 1 in Stealth
   503 | D:1      | Reached XP level 2. HP: 9/14 MP: 3/3
  1151 | D:1      | Reached ** piety under Trog
  1209 | D:1      | Reached XP level 3. HP: 17/17 MP: 4/4
  1378 | D:2      | Reached skill level 4 in Unarmed Combat
  1591 | D:2      | Found a blossoming altar of Fedhas.
  1620 | D:2      | Found a shadowy altar of Dithmenos.
  1679 | D:2      | Found a bloodstained altar of Trog.
  2237 | D:2      | Found a runed door.
  2276 | D:2      | Reached XP level 4. HP: 21/21 MP: 5/5
  2498 | D:2      | Noticed Terence
  2508 | D:2      | Killed Terence
  2512 | D:2      | HP: 1/31 [poisoned by Terence]
  2513 | D:2      | Succumbed to Terence's poison
  2514 | D:2      | Reached XP level 3. HP: -1/17 MP: 4/4
  2543 | D:2      | Reached skill level 5 in Unarmed Combat
  2543 | D:2      | Reached XP level 4. HP: 21/21 MP: 5/5
  2606 | D:2      | Found a glowing silver altar of Zin.
  2638 | D:2      | Found Zin's Purification Station.
  2649 | D:2      | Bought a potion of curing for 90 gold pieces
  3181 | D:2      | Noticed Crazy Yiuf
  3185 | D:2      | Killed Crazy Yiuf
  3343 | D:3      | Reached XP level 5. HP: 24/24 MP: 6/6
  3577 | D:3      | Reached *** piety under Trog
  3736 | D:4      | Reached skill level 5 in Stealth
  3899 | D:4      | Reached skill level 6 in Unarmed Combat
  3899 | D:4      | Gained mutation: You are covered in thick fur. (AC +2) [Felid growth]
  3899 | D:4      | Reached XP level 6. HP: 28/28 MP: 7/7
  3933 | D:4      | Slain by a phantom

Skill      XL: |  1  2  3  4  5 |
---------------+----------------+-----
Stealth        | 1 3 4 5 |  5.8
Unarmed Combat | 5 6 |  6.3
Fighting       | |  3.0
Dodging        | |  4.0

Action                   |  1- 3 |  4- 6 || total
-------------------------+-------+-------++-------
Melee: Unarmed           |   125 |    77 ||   202
       Bite              |    12 |     7 ||    19
       Punch             |     1 |       ||     1
Invok: Berserk           |     1 |     3 ||     4
       Trog's Hand       |       |     3 ||     3
  Use: Scroll            |       |     8 ||     8
 Stab: Sleeping          |    12 |    14 ||    26
  Eat: Chunk             |    12 |     8 ||    20
Armor: Skin              |     5 |     6 ||    11
Dodge: Dodged            |    79 |    48 ||   127
